 Dungeon Crawl Stone Soup version 0.25-a0-578-gc91f01c39c (webtiles) character file.

Game seed: 226898317724366016, levelgen mode: deterministic

47 shynie the Ducker (level 3, 0/18 HPs)
             Began as a Felid Berserker on Mar 4, 2020.
             Was a Believer of Trog.
             Succumbed to an adder's poison
             ... on level 3 of the Dungeon.
             The game lasted 00:09:30 (3469 turns).

shynie the Ducker (Felid Berserker)                 Turns: 3469, Time: 00:09:30

Health: 0/18       AC:  1    Str: 14    XL:     3   Next: 48%
Magic:  4/4        EV: 20    Int:  8    God:    Trog [**....]
Gold:   116        SH:  0    Dex: 15    Spells: 2/2 levels left
                                        Lives:  0   Deaths: 1

rFire    . . .     SeeInvis +     - Unarmed
rCold    . . .     Gourm    .   (shield unavailable)
rNeg     . . .     Faith    .   (armour unavailable)
rPois    .         Spirit   .   (helmet unavailable)
rElec    .         Reflect  .   (cloak unavailable)
rCorr    .         Harm     .   (gloves unavailable)
MR       .....                  (boots unavailable)
Stlth    ++........             (no amulet)
HPRegen  0.06/turn              (no ring)
MPRegen  0.09/turn              (no ring)

@: lethally poisoned (0 -> -4), about to teleport, quick
A: very small, no armour, no weapons or thrown items, stealth, claws 1, fangs 3,
see invisible, carnivore, speed 1, shaggy fur 1, slow metabolism 1, sharp paws
a: Berserk, Trog's Hand, Renounce Religion


You were on level 3 of the Dungeon.
You worshipped Trog.
Trog was pleased with you.
You were not hungry.

You visited 1 branch of the dungeon, and saw 3 of its levels.

You collected 116 gold pieces.

Inventory:

Hand Weapons
 b - a +0 club
 c - a +0 dagger
 d - a +0 hunting sling
Armour
 a - a +0 leather armour
 k - a +0 chain mail
 l - a +0 helmet
Jewellery
 f - an uncursed ring of wizardry {unknown}
Scrolls
 m - a scroll of random uselessness
 n - 6 scrolls of remove curse
Potions
 e - a potion of ambrosia {unknown}
 h - a potion of stabbing
 j - a potion of flight {unknown}
 o - a potion of might {unknown}
Comestibles
 g - 4 rations


   Skills:
 + Level 3.7 Fighting
 + Level 4.8 Dodging
 + Level 0.6 Stealth
 + Level 4.2 Unarmed Combat


You had 2 spell levels left.
You didn't know any spells.
Your spell library was empty.

Dungeon Overview and Level Annotations

Branches:
Dungeon (3/15)

Altars:


Innate Abilities, Weirdness & Mutations

You cannot wear armour.
You are incapable of wielding weapons or throwing items.
Your paws allow you to move quietly. (Stealth)
You have sharp claws.
You have razor-sharp teeth.
You have supernaturally acute eyesight. (SInv)
You are carnivorous and can eat meat at any time.
You cover ground quickly.
You are covered in fur. (AC +1)
You have a slow metabolism.
Your sharp claws are effective at attacking unaware monsters.


Message History

You scratch the adder.
The adder is almost dead.
The adder bites you.
You barely miss the adder.
The adder is almost dead.
The adder bites you.
You are poisoned.
The adder poisons you! The adder bites you.
* * * LOW HITPOINT WARNING * * *
You scratch the adder but do no damage. Your claw misses the adder.
The adder is almost dead.
* * * LOW HITPOINT WARNING * * *
You feel sick. The adder barely misses you.
You barely miss the adder.
The adder is almost dead.
The adder closely misses you.
Okay, then.
As you read the scroll of teleportation, it crumbles to dust.
You feel strangely unstable.
You die...

..... ... ... .#
... ..# ###.##
....#....
#.#.#.#S# #
......#@##.####
#.............#
##.(....##$##.#
........#.##.##.#
####
#.####...........
####...
#......##.#######
#....## ..#####
#.....# ####.#
#.# #.##### ###.#
#.# ##.## #...#


You could see an adder.

Vanquished Creatures
  A gnoll (D:1)
  3 adders
  2 worms (D:2)
  A leopard gecko (D:1)
  An orc (D:3)
  5 bats
  6 giant cockroaches
  11 hobgoblins
  2 jackals (D:1)
  3 quokkas
  3 frilled lizards
  5 goblins
  5 kobolds
  4 rats
52 creatures vanquished.

Notes
Turn   | Place    | Note
-------+----------+-------------------------------------------
     0 | D:1      | shynie the Felid Berserker began the quest for the Orb.
     0 | D:1      | Reached XP level 1. HP: 10/10 MP: 2/2
   481 | D:1      | Reached XP level 2. HP: 14/14 MP: 3/3
  1128 | D:1      | Reached XP level 3. HP: 11/17 MP: 4/4
  1383 | D:1      | Reached ** piety under Trog
  2505 | D:2      | Reached XP level 4. HP: 22/22 MP: 5/5
  3412 | D:3      | Mangled by an orc
  3413 | D:3      | Reached XP level 3. HP: -7/18 MP: 4/4
  3469 | D:3      | Succumbed to an adder's poison

Levels and vault maps discovered:
D:1:      dpeg_arrival_rooms_a, layout_basic
D:2:      minmay_wonky_spiral, layout_loops_ring
D:3:      layout_loops_cross, makhleb_grotto_becter, first_ration,
          serial_forest, infiniplex_forest_join, infiniplex_forest_lined_3,
          infiniplex_forest_lined_2, infiniplex_forest_lined_corner,
          infiniplex_forest_clump_medium, infiniplex_forest_pool

Skill      XL: |  1  2  3  4 |
---------------+-------------+-----
Unarmed Combat | 4 |  4.2
Fighting       | |  3.7
Dodging        | |  4.8
Stealth        | |  0.6

Action                   |  1- 3 |  4- 6 || total
-------------------------+-------+-------++-------
Melee: Unarmed           |   128 |    36 ||   164
       Punch             |     3 |     1 ||     4
       Bite              |    13 |     4 ||    17
  Use: Scroll            |     3 |     5 ||     8
       Potion            |     2 |       ||     2
 Stab: Sleeping          |     2 |     2 ||     4
  Eat: Chunk             |     9 |     2 ||    11
       Ration            |     1 |       ||     1
Armor: Skin              |     2 |     2 ||     4
Dodge: Dodged            |   107 |    29 ||   136

Table legend:
 A = Non-vault XP
 B = Vault XP
 C = Vault XP percentage of total XP
 D = Non-vault monster count
 E = Vault monster count
 F = Vault count percentage of total count
                 A         B        C        D         E       F
            +---------+---------+-------+---------+---------+-------
      Total |     128 |      17 |  11.7 |      49 |       3 |   5.8
            +---------+---------+-------+---------+---------+-------
        D:1 |      62 |       0 |   0.0 |      27 |       0 |   0.0
        D:2 |      45 |      17 |  27.4 |      17 |       3 |  15.0
        D:3 |      21 |       0 |   0.0 |       5 |       0 |   0.0
            +---------+---------+-------+---------+---------+-------
